Map: Frozen Temple

Players

Cukorfalat - Winner!

  • Race: Terran Terran
  • League: Bronze

Gracz

  • Race: Protoss Protoss
  • League: Silver

VOD

Have the link to the VOD?

Description

Time

  • Played on: Oct. 1, 2016, 3:26 p.m.
  • Length: 14:39
Show
View Real Time Build Order
Export as new Build Order

Cukorfalat Terran - Winner!

Build Orders: MMM Bio 

Get SALT Encoding   

  12  0:09  SCV  
  14  0:21  SCV  
  14  0:23  Supply Depot  
  14  0:33  SCV  
  15  0:49  Barracks  
  15  0:55  Supply Depot  
  15  0:58  SCV  
  16  1:04  Refinery  
  16  1:11  SCV  
  17  1:28  Barracks  
  17  1:30  SCV  
  18  1:42  SCV  
  19  1:59  Barracks Tech Lab  
  19  2:05  Orbital Command  
  19  2:06  Engineering Bay  
  19  2:14  Refinery  
  19  2:19  Marine x2  
  21  2:26  Combat Shields  
  21  2:27  Supply Depot  
  21  2:37  Marine  
  22  2:48  Supply Depot  
  22  2:51  SCV  
  23  3:03  SCV  
  24  3:17  Barracks Reactor  
  24  3:25  Terran Infantry Weapons Level 1  
  24  3:27  Missile Turret  
  22  4:07  Supply Depot  
  22  4:08  Marauder  
  24  4:11  Marine x2  
  24  4:16  Concussive Shells  
  26  4:28  Marine  
  26  4:29  Marine, Marauder  
  30  4:46  Marine  
  30  4:51  Marauder  
  33  5:09  Barracks  
  33  5:12  Marauder  
  35  5:18  Command Center  
  35  5:20  Terran Infantry Armor Level 1  
  35  5:23  Stimpack  
  35  5:33  Marauder  
  37  5:36  Marine  
  37  5:42  SCV  
  39  5:54  SCV  
  39  5:55  Marauder  
  42  6:00  Barracks Reactor  
  42  6:02  Marine  
  42  6:03  Marine  
  44  6:23  Missile Turret  
  44  7:10  Refinery  
  44  7:20  Marine x5  
  49  7:24  Missile Turret  
  49  7:35  Planetary Fortress  
  49  7:37  Marine  
  49  7:38  Marine x4  
  54  7:55  Marine x3  
  54  7:56  Marine x2  
  59  8:16  Factory  
  59  8:32  Marauder  
  59  8:33  Marine x3  
  59  8:34  Marine  
  65  8:44  SCV  
  66  8:51  Marine  
  66  8:54  Marauder  
  69  8:56  SCV  
  70  9:05  Factory Tech Lab  
  70  9:12  Starport  
  70  9:20  Marauder  
  72  9:27  Supply Depot  
  72  9:46  Marine x2  
  72  9:47  Marine x3  
  77  10:01  Supply Depot  
  77  10:04  Marine x4  
  77  10:05  Marine  
  82  10:11  Starport Reactor  
  82  10:16  Armory  
  82  10:22  Marine x5  
  82  10:25  Siege Tank  
  90  10:36  SCV  
  90  10:40  Marine x3  
  94  10:47  Missile Turret  
  94  10:56  Supply Depot  
  94  11:14  Marine  
  94  11:16  Medivac  
  94  11:17  Medivac  
  70  11:31  Marine x4  
  70  11:32  Marine  
  72  11:49  Marine x4  
  72  11:50  Marine  
  77  11:59  Siege Tank  
  80  12:06  Marine  
  80  12:07  Medivac  
  56  12:42  Reaper x3  
  56  12:43  Reaper x2  
  61  13:04  Siege Tank  
  64  13:14  Marine x2, Reaper  
  64  13:15  Reaper  
  68  13:23  Marine  
  69  13:32  Marine x2  
  71  13:36  Siege Tank  
  71  13:41  Marine  
  74  13:46  Marine x2  
  72  13:50  Marine x2  
  72  14:05  Marine  
  72  14:06  Marine x2  
  72  14:08  Marine x2  
Show
View Real Time Build Order
Export as new Build Order

Gracz Protoss 

Build Orders:  

Get SALT Encoding   

  12  0:01  Probe (Chrono Boost)  
  13  0:13  Pylon  
  14  0:21  Probe (Chrono Boost)  
  14  0:32  Probe (Chrono Boost)  
  15  0:36  Gateway  
  15  0:47  Gateway  
  15  0:51  Probe (Chrono Boost)  
  17  1:04  Probe (Chrono Boost)  
  17  1:11  Assimilator  
  17  1:15  Pylon, Probe (Chrono Boost)  
  18  1:25  Probe (Chrono Boost)  
  19  1:29  Cybernetics Core  
  19  1:36  Probe (Chrono Boost)  
  20  1:40  Assimilator  
  20  1:46  Probe (Chrono Boost)  
  21  1:49  Zealot  
  21  1:51  Warp Gate  
  23  1:58  Probe (Chrono Boost)  
  24  2:10  Probe (Chrono Boost)  
  26  2:22  Probe (Chrono Boost)  
  26  2:36  Nexus  
  26  2:39  Pylon  
  26  2:42  Pylon  
  27  2:52  Probe (Chrono Boost)  
  27  3:04  Probe (Chrono Boost)  
  28  3:08  Gateway  
  28  3:09  Gateway  
  28  3:15  Twilight Council  
  26  3:55  Probe (Chrono Boost)  
  28  3:56  Probe (Chrono Boost)  
  28  4:05  Probe (Chrono Boost)  
  28  4:06  Templar Archives  
  28  4:08  Robotics Facility, Probe (Chrono Boost)  
  28  4:09  Robotics Facility  
  30  4:12  Pylon  
  30  4:15  Pylon  
  30  4:20  Probe (Chrono Boost)  
  31  4:32  Stalker x3  
  31  4:36  Stalker  
  39  4:40  Blink  
  39  4:45  Gateway  
  39  4:51  Probe (Chrono Boost)  
  41  4:53  Probe (Chrono Boost)  
  41  5:05  Probe (Chrono Boost)  
  41  5:06  Probe (Chrono Boost)  
  43  5:11  Stalker x2  
  47  5:33  Robotics Facility  
  47  5:39  Pylon  
  47  5:48  Forge  
  47  5:49  Forge  
  47  5:50  Forge  
  47  5:53  Stalker  
  47  5:55  Stalker x2  
  47  5:57  Stalker  
  56  6:04  Probe (Chrono Boost)  
  56  6:05  Probe (Chrono Boost)  
  56  6:10  Stalker  
  59  6:15  Probe (Chrono Boost)  
  59  6:17  Probe (Chrono Boost)  
  61  6:24  Assimilator  
  61  6:25  Assimilator  
  61  6:26  Probe (Chrono Boost)  
  61  6:31  Mothership Core (Chrono Boost)  
  64  6:36  Probe (Chrono Boost)  
  65  6:46  Nexus  
  65  6:47  Probe (Chrono Boost)  
  66  6:49  Pylon  
  66  6:51  Probe (Chrono Boost)  
  66  6:53  Pylon  
  67  6:54  Assimilator  
  67  6:55  Assimilator  
  67  7:12  Probe (Chrono Boost)  
  67  7:14  Probe (Chrono Boost)  
  62  7:15  Stalker, Psionic Storm  
  69  7:16  Stalker  
  69  7:17  Stalker x2  
  69  7:18  Stalker  
  79  7:26  Probe (Chrono Boost)  
  80  7:38  Pylon  
  80  7:44  Pylon  
  80  8:03  Photon Cannon  
  80  8:05  Photon Cannon  
  80  8:06  Photon Cannon  
  80  8:08  Photon Cannon  
  80  8:09  Photon Cannon  
  80  8:11  Pylon  
  80  8:14  Photon Cannon  
  80  8:21  Probe x2 (Chrono Boost)  
  80  8:22  Stalker, Probe (Chrono Boost)  
  85  8:29  High Templar  
  85  8:30  High Templar x2  
  85  8:31  High Templar  
  94  8:34  Probe (Chrono Boost)  
  94  8:40  Immortal  
  98  8:46  Protoss Shields Level 1  
  98  8:48  Protoss Ground Weapons Level 1, Protoss Ground Armor Level 1  
  98  9:18  Stargate  
  98  9:19  Stargate  
  98  9:27  Immortal  
  98  9:30  Immortal  
  106  9:40  High Templar  
  108  9:47  Probe x2 (Chrono Boost)  
  108  9:48  Probe (Chrono Boost)  
  111  9:55  Stalker  
  111  9:56  Stalker  
  116  10:00  Probe (Chrono Boost), High Templar  
  118  10:16  Immortal  
  118  10:17  Immortal x2  
  132  10:21  Probe (Chrono Boost)  
  132  10:22  Probe (Chrono Boost)  
  132  10:45  Void Ray x2  
  140  10:56  Observer  
  141  11:01  Pylon  
  141  11:04  Pylon  
  141  11:15  Warp Prism  
  141  11:17  Immortal  
  93  11:35  Void Ray x2  
  93  11:36  Stalker  
  93  11:37  Stalker x4  
  103  11:52  Protoss Ground Weapons Level 2  
  93  12:12  Void Ray  
  75  12:35  Stalker  
  75  12:36  Stalker x3  
  75  12:55  Stalker  
  77  13:04  High Templar  
  77  13:05  High Templar x3  
  77  13:08  Immortal x3  
  66  13:47  Stalker x2, Immortal x2  
  66  13:48  Stalker x2  
  67  13:49  Stalker  
  49  14:11  High Templar x2  
  49  14:12  High Templar  
  51  14:22  Sentry, Stalker  
Tags
 
Add a new tag
Caveats
  • Supply blocks, unpowered buildings, or Contaminate may cause inaccurate times.
  • Supply counts are checked every 10 seconds.